TOP OF THE 1ST |
Memphis Redbirds batting - Pitching for Albuquerque Isotopes : LHP Baltwin van Vliet
|
Pitching: LHP Baltwin van Vliet
|
|
Batting: RHB Josh Hoeye
|
0-0: Called Strike 0-1: Called Strike 0-2: Ball 1-2: Strikes out swinging
|
Batting: LHB Tom Butterbaugh
|
0-0: Called Strike 0-1: Swinging Strike 0-2: Ball 1-2: Foul Ball, location: 2F 1-2: Ground out 6-3 (Groundball, 6, EV 102.5 MPH)
|
Batting: RHB Nick Gentzel
|
0-0: Foul Ball, location: 2F 0-1: Called Strike 0-2: Foul Ball, location: 2F 0-2: Strikes out looking
|
Top of the 1st over - 0 runs, 0 hits, 0 errors, 0 left on base; Memphis 0 - Albuquerque 0 |
BOTTOM OF THE 1ST |
Albuquerque Isotopes batting - Pitching for Memphis Redbirds : LHP Antonio Lacayo
|
Pitching: LHP Antonio Lacayo
|
|
Batting: RHB Ron Johansen
|
0-0: Called Strike 0-1: DOUBLE (Groundball, 3L, EV 107.5 MPH)
|
Batting: RHB Nate Carrell
|
0-0: Ball 1-0: Ball 2-0: DOUBLE (Line Drive, 7LM, EV 109.4 MPH) Ron Johansen scores
|
Batting: LHB Tetsuya Oba
|
0-0: Fly out, F9 (Line Drive, 9, EV 86.2 MPH) Lined into DP, 9-6 (Line Drive, 9, EV 86.2 MPH)
|
Batting: LHB Tony Morales
|
0-0: Ball 1-0: Called Strike 1-1: Ball 2-1: Ball 3-1: Base on Balls
|
Batting: LHB Katsunan Akimoto
|
0-0: Called Strike 0-1: Ball 1-1: Called Strike 1-2: Strikes out swinging
|
Bottom of the 1st over - 1 run, 2 hits, 0 errors, 1 left on base; Memphis 0 - Albuquerque 1 |
TOP OF THE 2ND |
Memphis Redbirds batting - Pitching for Albuquerque Isotopes : LHP Baltwin van Vliet
|
Batting: RHB Eric Chotkowski
|
0-0: Ball 1-0: Called Strike 1-1: Fly out, F9 (Flyball, 9LM, EV 73.1 MPH)
|
Batting: RHB Colin Boddy
|
0-0: Ball 1-0: DOUBLE (Line Drive, 78D, EV 105.6 MPH)
|
Batting: RHB Nick Getz
|
0-0: Ball 1-0: Ball 2-0: Ball 3-0: Called Strike 3-1: Foul Ball, location: 2F 3-2: Foul Ball, location: 2F 3-2: Foul Ball, location: 2F 3-2: 2-RUN HOME RUN (Flyball, 7LD, EV 93.8 MPH), Distance : 328 ft
|
Batting: LHB Mark Buchholz
|
0-0: Ball 1-0: Ball 2-0: Ball 3-0: Ground out 4-3 (Groundball, 34, EV 86.9 MPH)
|
Batting: RHB Roberto Lemus
|
0-0: Called Strike 0-1: Called Strike 0-2: Ball 1-2: Strikes out swinging
|
Top of the 2nd over - 2 runs, 2 hits, 0 errors, 0 left on base; Memphis 2 - Albuquerque 1 |
BOTTOM OF THE 2ND |
Albuquerque Isotopes batting - Pitching for Memphis Redbirds : LHP Antonio Lacayo
|
Batting: SHB Bradley Barrowcliff
|
0-0: Called Strike 0-1: Swinging Strike 0-2: Strikes out swinging
|
Batting: LHB Enrique Andrade
|
0-0: Ball 1-0: Foul Ball, location: 2F 1-1: Fly out, F7 (Flyball, 7LM, EV 93.1 MPH)
|
Batting: RHB Josh Baker
|
0-0: Foul Ball, location: 2F 0-1: Ball 1-1: Fly out, F8 (Line Drive, 8RD, EV 92.5 MPH)
|
Bottom of the 2nd over - 0 runs, 0 hits, 0 errors, 0 left on base; Memphis 2 - Albuquerque 1 |
TOP OF THE 3RD |
Memphis Redbirds batting - Pitching for Albuquerque Isotopes : LHP Baltwin van Vliet
|
Batting: LHB Melvin Salgado
|
0-0: DOUBLE (Groundball, 3L, EV 110.0 MPH)
|
Batting: RHB Josh Hoeye
|
0-0: Foul Ball, location: 2F 0-1: Ball 1-1: Foul Ball, location: 2F 1-2: Reached on error, E6 (Groundball, 6, EV 102.5 MPH) Melvin Salgado scores
|
Batting: LHB Tom Butterbaugh
|
0-0: Called Strike 0-1: Ball 1-1: Foul Ball, location: 2F 1-2: Ground out 4-3 (Groundball, 4, EV 90.0 MPH) Josh Hoeye to third
|
Batting: RHB Nick Gentzel
|
0-0: Called Strike 0-1: Foul Ball, location: 2F 0-2: Ball 1-2: Ball 2-2: Foul Ball, location: 2F 2-2: Foul Ball, location: 2F 2-2: Ball 3-2: SINGLE (Line Drive, 6M, EV 112.5 MPH) Josh Hoeye scores
|
Batting: RHB Eric Chotkowski
|
0-0: Called Strike 0-1: Ball 1-1: Ball 2-1: Ball 3-1: Called Strike 3-2: Strikes out swinging
|
Batting: RHB Colin Boddy
|
0-0: Called Strike 0-1: SINGLE (Groundball, 34, EV 96.9 MPH) Nick Gentzel to second Runner from 2nd tries for 3rd, SAFE, throw by RF made to third
|
Batting: RHB Nick Getz
|
0-0: Called Strike 0-1: Ball 1-1: Ball 2-1: Swinging Strike 2-2: Ball 3-2: Ground out 5-3 (Groundball, 56, EV 91.2 MPH)
|
Top of the 3rd over - 2 runs, 3 hits, 1 error, 2 left on base; Memphis 4 - Albuquerque 1 |
BOTTOM OF THE 3RD |
Albuquerque Isotopes batting - Pitching for Memphis Redbirds : LHP Antonio Lacayo
|
Batting: RHB Ben Alspach
|
0-0: Called Strike 0-1: Called Strike 0-2: Ball 1-2: Ball 2-2: Foul Ball, location: 2F 2-2: Foul Ball, location: 2F 2-2: Foul Ball, location: 2F 2-2: Foul Ball, location: 2F 2-2: Strikes out swinging
|
Batting: RHB Ron Johansen
|
0-0: Called Strike 0-1: Called Strike 0-2: Ball 1-2: Strikes out swinging
|
Batting: RHB Nate Carrell
|
0-0: Ball 1-0: Fly out, F7 (Flyball, 7LM, EV 97.5 MPH)
|
Bottom of the 3rd over - 0 runs, 0 hits, 0 errors, 0 left on base; Memphis 4 - Albuquerque 1 |
TOP OF THE 4TH |
Memphis Redbirds batting - Pitching for Albuquerque Isotopes : LHP Baltwin van Vliet
|
Batting: LHB Mark Buchholz
|
0-0: Called Strike 0-1: Ball 1-1: Ball 2-1: Ball 3-1: Base on Balls
|
Batting: RHB Roberto Lemus
|
0-0: Ball 1-0: SINGLE (Groundball, 56, EV 96.9 MPH) Mark Buchholz to second
|
Batting: LHB Melvin Salgado
|
0-0: Ball 1-0: Ball 2-0: Fly out, F7 (Line Drive, 7, EV 96.9 MPH)
|
Batting: RHB Josh Hoeye
|
0-0: Called Strike 0-1: Fielders Choice at 2nd, 4-6 (Groundball, 4S, EV 78.1 MPH) Mark Buchholz to third
|
Batting: LHB Tom Butterbaugh
|
0-0: Ball 1-0: Ball 2-0: Ball 3-0: Called Strike 3-1: Ground out 4-3 (Groundball, 4, EV 91.2 MPH)
|
Top of the 4th over - 0 runs, 1 hit, 0 errors, 2 left on base; Memphis 4 - Albuquerque 1 |
BOTTOM OF THE 4TH |
Albuquerque Isotopes batting - Pitching for Memphis Redbirds : LHP Antonio Lacayo
|
Batting: LHB Tetsuya Oba
|
0-0: Ball 1-0: Ball 2-0: Foul Ball, location: 2F 2-1: Foul Ball, location: 2F 2-2: Fly out, F7 (Flyball, 78S, EV 92.5 MPH)
|
Batting: LHB Tony Morales
|
0-0: Ball 1-0: Ball 2-0: Called Strike 2-1: Foul Ball, location: 2F 2-2: Ball 3-2: Strikes out swinging
|
Batting: LHB Katsunan Akimoto
|
0-0: SINGLE (Line Drive, 6MD, EV 97.5 MPH)
|
Batting: SHB Bradley Barrowcliff
|
0-0: Ball 1-0: Swinging Strike 1-1: Ball 2-1: Foul Ball, location: 2F 2-2: Ball 3-2: DOUBLE (Groundball, 5L, EV 99.4 MPH) Katsunan Akimoto to third Katsunan Akimoto scores
|
Batting: LHB Enrique Andrade
|
0-0: Ball 1-0: SINGLE (Line Drive, 3D, EV 95.6 MPH) Bradley Barrowcliff to third
|
Batting: RHB Josh Baker
|
0-0: Called Strike 0-1: Foul Ball, location: 2F 0-2: Ball 1-2: Strikes out swinging
|
Bottom of the 4th over - 1 run, 3 hits, 0 errors, 2 left on base; Memphis 4 - Albuquerque 2 |
TOP OF THE 5TH |
Memphis Redbirds batting - Pitching for Albuquerque Isotopes : LHP Baltwin van Vliet
|
Batting: RHB Nick Gentzel
|
0-0: Called Strike 0-1: Ground out 6-3 (Groundball, 6, EV 106.2 MPH)
|
Batting: RHB Eric Chotkowski
|
0-0: Swinging Strike 0-1: Ball 1-1: Called Strike 1-2: Strikes out swinging
|
Batting: RHB Colin Boddy
|
0-0: Called Strike 0-1: Ball 1-1: Fly out, F9 (Flyball, 89S, EV 88.8 MPH)
|
Top of the 5th over - 0 runs, 0 hits, 0 errors, 0 left on base; Memphis 4 - Albuquerque 2 |
BOTTOM OF THE 5TH |
Albuquerque Isotopes batting - Pitching for Memphis Redbirds : LHP Antonio Lacayo
|
Batting: RHB Ben Alspach
|
0-0: Called Strike 0-1: Called Strike 0-2: Strikes out swinging
|
Batting: RHB Ron Johansen
|
0-0: Ball 1-0: SINGLE (Line Drive, 78M, EV 103.8 MPH)
|
Batting: RHB Nate Carrell
|
0-0: Ball Pickoff Throw to First - Error! E1 Ron Johansen to second 1-0: Fly out, F7 (Flyball, 7, EV 97.5 MPH)
|
Batting: LHB Tetsuya Oba
|
0-0: Swinging Strike 0-1: Foul Ball, location: 2F 0-2: Foul Ball, location: 2F 0-2: Ball 1-2: Fly out, F4 (Popup, 34, EV 73.1 MPH)
|
Bottom of the 5th over - 0 runs, 1 hit, 1 error, 1 left on base; Memphis 4 - Albuquerque 2 |
TOP OF THE 6TH |
Memphis Redbirds batting - Pitching for Albuquerque Isotopes : LHP Baltwin van Vliet
|
Batting: RHB Nick Getz
|
0-0: Called Strike 0-1: Fly out, F8 (Flyball, 8LD, EV 87.5 MPH)
|
Batting: LHB Mark Buchholz
|
0-0: Swinging Strike 0-1: Called Strike 0-2: Ball 1-2: Foul Ball, location: 2F 1-2: Foul Ball, location: 2F 1-2: Ground out 6-3 (Groundball, 6, EV 84.4 MPH)
|
Batting: RHB Roberto Lemus
|
0-0: Ball 1-0: Ball 2-0: Ball 3-0: Called Strike 3-1: Called Strike 3-2: Fly out, F7 (Flyball, 78D, EV 97.5 MPH)
|
Top of the 6th over - 0 runs, 0 hits, 0 errors, 0 left on base; Memphis 4 - Albuquerque 2 |
BOTTOM OF THE 6TH |
Albuquerque Isotopes batting - Pitching for Memphis Redbirds : LHP Antonio Lacayo
|
Batting: LHB Tony Morales
|
0-0: Called Strike 0-1: Ball 1-1: Foul Ball, location: 2F 1-2: Foul Ball, location: 2F 1-2: Ball 2-2: Ball 3-2: SINGLE (Flyball, 4D, EV 96.9 MPH)
|
Batting: LHB Katsunan Akimoto
|
0-0: Called Strike 0-1: Ball 1-1: Ball 2-1: Ball 3-1: SINGLE (Groundball, 4D, EV 96.2 MPH) Tony Morales to second Runner from 2nd tries for 3rd, SAFE, throw by CF made to third
|
Batting: SHB Bradley Barrowcliff
|
0-0: Called Strike 0-1: Foul Ball, location: 2F 0-2: Ball 1-2: Strikes out swinging
|
Pitching: RHP Daniel Escalante
|
|
Batting: LHB Enrique Andrade
|
0-0: Ball 1-0: Ball 2-0: Ball 3-0: Called Strike 3-1: SINGLE (Groundball, 56D, EV 108.8 MPH) Tony Morales scores Katsunan Akimoto to second
|
Batting: RHB Josh Baker
|
0-0: Called Strike 0-1: SINGLE (Groundball, P, EV 88.1 MPH) (infield hit) Katsunan Akimoto to third Enrique Andrade to second
|
Batting: RHB Ben Alspach
|
0-0: Called Strike 0-1: Foul Ball, location: 2F 0-2: Foul Ball, location: 2F 0-2: Foul Ball, location: 2F 0-2: Fly out, F8 (Flyball, 8RD, EV 99.4 MPH) Runner from 3rd tags up, SCORES, throw by CF
|
Batting: RHB Ron Johansen
|
0-0: Ball 1-0: Fielders Choice at 2nd, 5-4 (Groundball, 56, EV 103.1 MPH)
|
Bottom of the 6th over - 2 runs, 4 hits, 0 errors, 2 left on base; Memphis 4 - Albuquerque 4 |
TOP OF THE 7TH |
Memphis Redbirds batting - Pitching for Albuquerque Isotopes : LHP Baltwin van Vliet
|
Pitching: LHP Jorge Segarra
|
|
Batting: LHB Melvin Salgado
|
0-0: Ball 1-0: Swinging Strike 1-1: Foul Ball, location: 2F 1-2: Ball 2-2: Foul Ball, location: 2F 2-2: Foul Ball, location: 2F 2-2: Strikes out looking
|
Batting: RHB Josh Hoeye
|
0-0: Ground out 5-3 (Groundball, 5S, EV 76.9 MPH)
|
Batting: LHB Tom Butterbaugh
|
0-0: Called Strike 0-1: Foul Ball, location: 2F 0-2: Fly out, F7 (Flyball, 7, EV 85.6 MPH)
|
Top of the 7th over - 0 runs, 0 hits, 0 errors, 0 left on base; Memphis 4 - Albuquerque 4 |
BOTTOM OF THE 7TH |
Albuquerque Isotopes batting - Pitching for Memphis Redbirds : RHP Daniel Escalante
|
Pitching: LHP Paul Gill
|
|
Batting: RHB Nate Carrell
|
0-0: Called Strike 0-1: Ball 1-1: Foul Ball, location: 2F 1-2: Foul Ball, location: 2F 1-2: Foul Ball, location: 2F 1-2: Strikes out looking
|
Batting: LHB Tetsuya Oba
|
0-0: Ball 1-0: Called Strike 1-1: Ball 2-1: Called Strike 2-2: Foul Ball, location: 2F 2-2: Foul Ball, location: 2F 2-2: Foul Ball, location: 2F 2-2: Ball 3-2: Foul Ball, location: 2F 3-2: Base on Balls
|
Batting: LHB Tony Morales
|
Pickoff Throw to First - Error! E1 Tetsuya Oba to second
|
Batting: SHB Pat Wilson
|
0-0: Intentional Walk
|
Batting: LHB Katsunan Akimoto
|
0-0: Ball Tetsuya Oba steals 3rd base 1-0: Foul Ball, location: 2F 1-1: Ball 2-1: Called Strike 2-2: Foul Ball, location: 2F 2-2: Strikes out swinging
|
Batting: SHB Bradley Barrowcliff
|
0-0: Ball 1-0: Ball 2-0: Ball 3-0: Foul Ball, location: 2F 3-1: SINGLE (Groundball, 6MD, EV 105.6 MPH) Tetsuya Oba scores Pat Wilson to second Runner from 2nd tries for 3rd, SAFE, throw by CF made to third Bradley Barrowcliff to second
|
Batting: LHB Enrique Andrade
|
0-0: Ball 1-0: Swinging Strike 1-1: Called Strike 1-2: Ball 2-2: Foul Ball, location: 2F 2-2: Strikes out looking
|
Bottom of the 7th over - 1 run, 1 hit, 1 error, 2 left on base; Memphis 4 - Albuquerque 5 |
TOP OF THE 8TH |
Memphis Redbirds batting - Pitching for Albuquerque Isotopes : LHP Jorge Segarra
|
Pitching: LHP Tyler Adams
|
|
Batting: RHB Nick Gentzel
|
0-0: Ground out 5-3 (Groundball, 5, EV 80.6 MPH)
|
Batting: RHB Eric Chotkowski
|
0-0: Ball 1-0: Ball 2-0: Reached on error, E4 (Groundball, 4, EV 103.1 MPH)
|
Batting: RHB Colin Boddy
|
0-0: 2-RUN HOME RUN (Flyball, 78XD, EV 106.9 MPH), Distance : 406 ft
|
Batting: RHB Nick Getz
|
0-0: Ball 1-0: Called Strike 1-1: Fly out, F8 (Flyball, 8RXD, EV 102.5 MPH)
|
Batting: LHB Mark Buchholz
|
0-0: Foul Ball, location: 2F 0-1: Ball 1-1: Ball 2-1: Called Strike 2-2: Ground out 5-3 (Groundball, 5S, EV 91.2 MPH)
|
Top of the 8th over - 2 runs, 1 hit, 1 error, 0 left on base; Memphis 6 - Albuquerque 5 |
BOTTOM OF THE 8TH |
Albuquerque Isotopes batting - Pitching for Memphis Redbirds : LHP Paul Gill
|
Pitching: RHP Ray Sasser
|
|
Batting: RHB Josh Baker
|
0-0: Ball 1-0: Called Strike 1-1: Swinging Strike 1-2: Strikes out swinging
|
Batting: RHB Ben Alspach
|
0-0: Ball 1-0: Foul Ball, location: 2F 1-1: Fly out, F8 (Flyball, 8LM, EV 89.4 MPH)
|
Batting: RHB Ron Johansen
|
0-0: Ball 1-0: Ball 2-0: Ball 3-0: Called Strike 3-1: Called Strike 3-2: Foul Ball, location: 2F 3-2: SINGLE (Line Drive, 8RS, EV 98.8 MPH)
|
Batting: RHB Nate Carrell
|
0-0: Ball 1-0: Called Strike 1-1: Ball 2-1: Foul Ball, location: 2F 2-2: Foul Ball, location: 2F 2-2: Fly out, F9 (Flyball, 9, EV 86.9 MPH)
|
Bottom of the 8th over - 0 runs, 1 hit, 0 errors, 1 left on base; Memphis 6 - Albuquerque 5 |
TOP OF THE 9TH |
Memphis Redbirds batting - Pitching for Albuquerque Isotopes : LHP Tyler Adams
|
Pitching: LHP Vasquo Sartores
|
|
Batting: RHB Roberto Lemus
|
0-0: SINGLE (Line Drive, 7S, EV 98.8 MPH)
|
Batting: LHB Melvin Salgado
|
0-0: Ball 1-0: Ball 2-0: Bunt missed! 2-1: Sac Bunt to 25 - play at first, batter OUT! 5-4 Roberto Lemus to second
|
Batting: RHB Josh Hoeye
|
0-0: Called Strike 0-1: 2-RUN HOME RUN (Flyball, 78XD, EV 101.9 MPH), Distance : 411 ft
|
Batting: LHB Tom Butterbaugh
|
0-0: Foul Ball, location: 2F 0-1: Foul Ball, location: 2F 0-2: Ball 1-2: Foul Ball, location: 2F 1-2: Foul Ball, location: 2F 1-2: Foul Ball, location: 2F 1-2: Ball 2-2: Ball 3-2: Ground out 6-3 (Groundball, 6M, EV 81.9 MPH)
|
Batting: RHB Nick Gentzel
|
0-0: Called Strike 0-1: Foul Ball, location: 2F 0-2: Ball 1-2: Strikes out swinging
|
Top of the 9th over - 2 runs, 2 hits, 0 errors, 0 left on base; Memphis 8 - Albuquerque 5 |
BOTTOM OF THE 9TH |
Albuquerque Isotopes batting - Pitching for Memphis Redbirds : RHP Ray Sasser
|
Pitching: RHP Rodolfo Mendez
|
|
Batting: LHB Tetsuya Oba
|
0-0: Called Strike 0-1: Ball 1-1: Swinging Strike 1-2: Strikes out looking
|
Batting: SHB Pat Wilson
|
0-0: Ball 1-0: Ball 2-0: Called Strike 2-1: Fly out, F5 (Line Drive, 5, EV 67.5 MPH)
|
Batting: LHB Katsunan Akimoto
|
0-0: Ball 1-0: Called Strike 1-1: Swinging Strike 1-2: Foul Ball, location: 2F 1-2: Strikes out swinging
|
Bottom of the 9th over - 0 runs, 0 hits, 0 errors, 0 left on base; Memphis 8 - Albuquerque 5 |
|